 Seeded DCSS version 0.29-a0-23-ga79f92ac9c (webtiles) character file.

Game seed: 10000000000011 (custom seed)

7452 knot the Cleaver (level 10, -1/105 HPs)
             Began as a Demonspawn Berserker on Jan 31, 2022.
             Was a Believer of Trog.
             Slain by a swamp worm (2 damage)
             ... on level 10 of the Dungeon.
             The game lasted 00:17:42 (13934 turns).

knot the Cleaver (Demonspawn Berserker)            Turns: 13934, Time: 00:17:42

Health: -1/105     AC: 11    Str: 18    XL:     10   Next: 94%
Magic:  0/10       EV:  7    Int: 13    God:    Trog [**....]
Gold:   141        SH:  5    Dex: 12    Spells: 9/9 levels left

rFire   . . .      SeeInvis .   t - +0 war axe
rCold   + . .      Faith    .   (no shield)
rNeg    . . .      Spirit   +   x - +1 chain mail of Urghimes {Fly rPois rC+ Slay-2 Stlth+}
rPois   +          Reflect  +   (no helmet)
rElec   .          Harm     .   G - +1 cloak {Stlth+}
rCorr   .          Rampage  .   (gloves unavailable)
Will    +....                   (no boots)
Stlth   ..........              d - amulet of reflection
HPRegen 0.27/turn               F - ring of willpower
MPRegen 0.24/turn               (no ring)

@: berserking, flying, very quick
A: powered by death 1, magic shield, magic regeneration, demonic touch 3
a: Renounce Religion, Berserk, Trog's Hand


You were on level 10 of the Dungeon.
You worshipped Trog.
Trog was pleased with you.
You visited 2 branches of the dungeon, and saw 11 of its levels.

You collected 621 gold pieces.
You spent 480 gold pieces at shops.

Inventory:

Hand Weapons
 t - a +0 war axe (weapon)
 y - a +0 battleaxe
Missiles
 f - 238 stones
 l - 5 poisoned darts
 m - 22 sling bullets
 r - 8 boomerangs (quivered)
 B - a throwing net
Armour
 s - a +2 robe of fire resistance
 w - the +1 leather armour of Feqoh {rC+ Stlth+}
   (You bought it in a shop on level 3 of the Dungeon)

   rC:        It protects you from cold.
   Stlth:     It makes you more stealthy.
 x - the +1 chain mail of Urghimes (worn) {Fly rPois rC+ Slay-2 Stlth+}
   (You bought it in a shop on level 3 of the Dungeon)

   Slay:      It affects your accuracy & damage with ranged weapons and melee
   (-2).
   rC:        It protects you from cold.
   rPois:     It protects you from poison.
   Fly:       It grants you flight.
   Stlth:     It makes you more stealthy.
 D - the +3 hat of Pondering {ponderous, Will+ MP+10 Int+5}
   (You found it on level 8 of the Dungeon)

   Int:       It affects your intelligence (+5).
   MP:        It affects your magic capacity (+10).
   Will:      It increases your willpower.
 G - a +1 cloak of stealth (worn)
Jewellery
 d - an amulet of reflection (around neck)
 F - a ring of willpower (left hand)
Wands
 o - a wand of polymorph (6)
 p - a wand of charming (5)
 q - a wand of flame (27)
 A - a wand of iceblast (14)
Scrolls
 b - 2 scrolls of blinking
 c - a scroll of vulnerability
 n - a scroll of torment
 u - a scroll of fog
 v - 2 scrolls of teleportation
 H - a scroll of magic mapping
 I - a scroll of summoning
Potions
 a - a potion of brilliance
 e - 7 potions of curing
 g - a potion of lignification {unknown}
 h - a potion of might {unknown}
 i - a potion of magic {unknown}
 j - a potion of heal wounds {unknown}
 z - 2 potions of resistance {unknown}
 C - a potion of berserk rage {unknown}
 E - 2 potions of attraction {unknown}


   Skills:
 - Level 3.0 Fighting
 * Level 12.0 Axes
 - Level 10.1 Throwing
 - Level 1.7 Armour
 - Level 1.7 Dodging


You had 9 spell levels left.
You didn't know any spells.
Your spell library contained the following spells:

 Spells                   Type           Power      Damage    Failure   Level
 Pain                     Necr           0%         1d4       99%         1
 Corpse Rot               Necr/Air       0%         N/A       100%        2
 Ensorcelled Hibernation  Hex/Ice        0%         N/A       100%        2
 Passwall                 Tmut/Erth      0%         N/A       100%        2
 Poisonous Vapours        Pois/Air       0%         N/A       100%        2
 Ozocubu's Armour         Ice            0%         N/A       100%        3
 Summon Guardian Golem    Hex/Summ       0%         N/A       100%        3
 Swiftness                Air            0%         N/A       100%        3
 Tukima's Dance           Hex            0%         N/A       100%        3
 Anguish                  Hex/Necr       0%         N/A       100%        4
 Agony                    Necr           0%         N/A       100%        5
 Excruciating Wounds      Necr           0%         N/A       100%        5
 Metabolic Englaciation   Hex/Ice        0%         N/A       100%        5
 Simulacrum               Ice/Necr       0%         N/A       100%        6
 Enfeeble                 Hex            0%         N/A       100%        7
 Orb of Destruction       Conj           0%         9d5       100%        7
 Spellforged Servitor     Conj/Summ      0%         N/A       100%        7


Dungeon Overview and Level Annotations

Branches:
Dungeon (10/15)            Temple (1/1) D:4            Lair (0/6) D:9
    Orc: D:9-12

Altars:
Ashenzari
Cheibriados
Dithmenos
Elyvilon
Fedhas
Gozag
Kikubaaqudgha
Makhleb
Nemelex Xobeh
Okawaru
Qazlal
Ru
Sif Muna
Trog
Uskayaw
Vehumet
Wu Jian
Xom
Yredelemnul
Zin
The Shining One

Shops:
D:3 [   D:8 :


Innate Abilities, Weirdness & Mutations

You regenerate a little health from kills.
When hurt, damage is shared between your health and your magic reserves.
You regenerate magic rapidly.
Your touch may irresistibly damage your foes and sap their willpower.


Message History

Something hits you. x2
You barely miss something. Your touch misses something.
You block something's attack.
You closely miss something. You block something's attack.
Something hits you but does no damage.
You closely miss something. Something hits you! You block something's attack.
You hit something. Your touch misses something. Something hits you.
Something hits you!
* * * LOW HITPOINT WARNING * * *
You hit something. Something hits you but does no damage.
Aiming: Polymorph
Press: ? - help, Shift-Dir - straight line Nothing appears to happen.
You block something's attack.
Aiming: Polymorph
Press: ? - help, Shift-Dir - straight line Nothing appears to happen.
You block something's attack.
Aiming: Polymorph
Press: ? - help, Shift-Dir - straight line Nothing appears to happen.
You block something's attack.
Aiming: Polymorph
Press: ? - help, Shift-Dir - straight line A swamp worm appears out of thin air!
Reactivating autopickup.
The swamp worm fires a harpoon shot at you.
The harpoon shot hits you!
* * * LOW HITPOINT WARNING * * *
You are yanked forward by the harpoon shot.
A red film seems to cover your vision as you go berserk!
You feel yourself moving faster!
You feel mighty! You block the swamp worm's attack.
You hit the swamp worm.
The swamp worm is lightly wounded.
The swamp worm bites you!!
* * * LOW HITPOINT WARNING * * *
You closely miss the swamp worm.
The swamp worm is lightly wounded.
You miss the swamp worm.
The swamp worm is lightly wounded.
The swamp worm bites you.
You die...

###.#####.###..#
#.# #..#
#.###..#
#..<...#
###.#### #.#
##### #.#
#...###.#
#..w@...#
#(..##### ##.##
#( .. ###


You could see a swamp worm.

Vanquished Creatures
  Harold (D:8)
  Erica (D:8)
  A two-headed ogre (D:8)
  The ghost of HallandMoats the Fighter, a novice FoFi of Okawaru (D:8)
  A kobold demonologist (D:5)
  A troll (D:10)
  Prince Ribbit (D:7)
  4 yaks
  A wraith (D:10)
  An acid dragon (D:9)
  A water moccasin (D:8)
  3 orc warriors
  2 black bears
  A necrophage (D:6)
  An ice beast (D:7)
  4 ogres
  A centaur (D:8)
  A phantom (D:6)
  A kobold brigand (D:7)
  7 scorpions
  2 bullfrogs
  2 wyvern zombies (D:7)
  A wyvern skeleton (D:7)
  8 killer bees
  4 howler monkeys
  9 wights
  3 centaur zombies
  3 orc priests
  3 hounds
  2 jellies
  2 bullfrog skeletons
  3 centaur skeletons
  4 orc wizards
  A scorpion zombie (D:5)
  7 adders
  A shadow imp (D:7)
  A white imp (D:5)
  20 orcs
  6 endoplasms
  2 giant cockroaches
  5 goblins
  5 hobgoblins
  14 jackals
  3 quokkas (D:4)
  4 ball pythons
  7 bats
  5 frilled lizards
  7 kobolds
  5 rats
174 creatures vanquished.

Vanquished Creatures (others)
  10 fungi (D:9)
  3 plants (D:9)
13 creatures vanquished.

Grand Total: 187 creatures vanquished

Notes
Turn   | Place    | Note
-------+----------+-------------------------------------------
     0 | D:1      | knot the Demonspawn Berserker began the quest for the Orb.
     0 | D:1      | Reached XP level 1. HP: 18/18 MP: 1/1
    49 | D:1      | Reached skill level 3 in Axes
   144 | D:1      | Gained mutation: You regenerate magic rapidly. [demonic
                  | ancestry]
   144 | D:1      | Reached XP level 2. HP: 15/24 MP: 2/2
  1079 | D:2      | Reached ** piety under Trog
  1080 | D:2      | Gained mutation: Your touch may inflict minor irresistible
                  | damage on your foes. [demonic ancestry]
  1080 | D:2      | Reached XP level 3. HP: 29/29 MP: 3/3
  1269 | D:2      | Reached skill level 4 in Axes
  1764 | D:2      | Reached XP level 4. HP: 18/35 MP: 4/4
  2478 | D:3      | Noticed an ogre
  2485 | D:3      | Killed an ogre
  2486 | D:3      | Reached skill level 5 in Axes
  2486 | D:3      | Reached XP level 5. HP: 27/41 MP: 5/5
  2728 | D:3      | Found Daocsar's Antique Armour Emporium.
  3056 | D:4      | Found a staircase to the Ecumenical Temple.
  3068 | D:4      | Reached skill level 6 in Axes
  3113 | D:4      | Noticed Duvessa
  3115 | D:4      | Noticed Duvessa
  3115 | D:4      | Duvessa changed into Duvessa the scorpion
  3137 | D:4      | Killed Duvessa the scorpion
  3138 | D:4      | Gained mutation: Your touch may inflict irresistible damage
                  | on your foes. [demonic ancestry]
  3138 | D:4      | Reached XP level 6. HP: 47/47 MP: 6/6
  3141 | Temple   | Entered the Ecumenical Temple
  3443 | D:4      | Noticed Dowan
  3447 | D:4      | Noticed Dowan
  3447 | D:4      | Dowan changed into Dowan the quokka
  3450 | D:4      | Killed Dowan the quokka
  3450 | D:4      | Noticed Ijyb
  3453 | D:4      | Noticed Ijyb
  3453 | D:4      | Ijyb changed into Ijyb the quokka
  3456 | D:4      | Killed Ijyb the quokka
  3946 | D:4      | Reached skill level 1 in Throwing
  4298 | D:5      | Entered Level 5 of the Dungeon
  4543 | D:5      | Reached skill level 7 in Axes
  4543 | D:5      | Gained mutation: When hurt, damage is shared between your
                  | health and your magic reserves. [demonic ancestry]
  4543 | D:5      | Reached XP level 7. HP: 52/52 MP: 7/7
  4809 | D:5      | Noticed a kobold demonologist
  4816 | D:5      | Killed a kobold demonologist
  4968 | D:5      | Gained mutation: You regenerate a little health from kills.
                  | [demonic ancestry]
  4968 | D:5      | Reached XP level 8. HP: 58/58 MP: 8/8
  5043 | D:5      | Found a hide-covered altar of Uskayaw.
  5242 | D:5      | Reached skill level 8 in Axes
  5957 | D:6      | Reached skill level 5 in Throwing
  6745 | D:6      | Found an iron altar of Okawaru.
  6920 | D:3      | Bought a pitted leather armour for 140 gold pieces
  6920 | D:3      | Identified the +1 leather armour of Feqoh {rC+ Stlth+} (You
                  | bought it in a shop on level 3 of the Dungeon)
  6920 | D:3      | Bought an ichor-stained chain mail for 190 gold pieces
  6920 | D:3      | Identified the +1 chain mail of Urghimes {Fly rPois rC+
                  | Slay-2 Stlth+} (You bought it in a shop on level 3 of the
                  | Dungeon)
  7008 | D:7      | Noticed Joseph
  7009 | D:7      | Noticed Joseph
  7009 | D:7      | Joseph changed into Joseph the black bear
  7017 | D:7      | Killed Joseph the black bear
  7113 | D:7      | Reached skill level 9 in Axes
  7337 | D:7      | Gained mutation: Your touch may irresistibly damage your
                  | foes and sap their willpower. [demonic ancestry]
  7337 | D:7      | Reached XP level 9. HP: 57/63 MP: 6/9
  7803 | D:7      | Found a sacrificial altar of Ru.
  8011 | D:7      | Reached *** piety under Trog
  8096 | D:6      | Found a sparkling altar of Nemelex Xobeh.
  8096 | D:6      | Found a shimmering altar of Xom.
  8099 | D:6      | Found an ornate altar of the Wu Jian Council.
  8186 | D:8      | Noticed Harold
  8203 | D:8      | Killed Harold
  8204 | D:8      | Reached skill level 10 in Axes
  8544 | D:8      | Noticed a two-headed ogre
  8559 | D:8      | Killed a two-headed ogre
  8560 | D:8      | Reached XP level 10. HP: 24/70 MP: 2/10
  8890 | D:8      | Found the +3 hat of Pondering {ponderous, Will+ MP+10
                  | Int+5}
  9393 | D:8      | Found Yhyquem's Self-Improvement Boutique.
  9469 | D:8      | Found a large runed translucent door.
  9469 | D:8      | Found a large runed translucent door.
  9470 | D:8      | Noticed HallandMoats's ghost (novice FoFi)
  9490 | D:8      | You are sucked into a shaft and drop 2 floors!
  9490 | D:10     | Entered Level 10 of the Dungeon
  9490 | D:10     | Found an ancient bone altar of Kikubaaqudgha.
  9838 | D:9      | Reached skill level 11 in Axes
 10544 | D:8      | Noticed Erica
 10829 | D:8      | Noticed Prince Ribbit
 10842 | D:7      | Killed Prince Ribbit
 11024 | D:8      | Killed Erica
 11506 | D:8      | Killed HallandMoats's ghost
 12794 | D:9      | Found a staircase to the Lair.
 12800 | D:9      | Reached skill level 10 in Throwing
 13366 | D:3      | Bought a runed cloak for 150 gold pieces
 13696 | D:10     | Reached skill level 12 in Axes
 13932 | D:10     | HP: 1/105 [swamp worm (16)]
 13934 | D:10     | Slain by a swamp worm

Illustrated notes

Levels and vault maps discovered:
D:1:      lordsloth_arrival_two_stooges, layout_basic, grunt_decor_fettered,
          minmay_misc_feat_diagonals, nicolae_concentric_dashed_squares_wild
D:2:      layout_rooms, hangedman_decor_clover_reticule
D:3:      layout_basic, serial_shops, shop, kennysheep_path_1
D:4:      layout_rooms, temple_doors_e, uniq_duvessa, uniq_ijyb
D:5:      layout_loops_cross, nicolae_uskayaw_suspiria, item_on_display_a
D:6:      layout_rooms, nicolae_overflow_hidden_temple, grunt_ministairs_6
D:7:      layout_loops_ring, nicolae_ru_awakened_eye, palyth_stone_intersect,
          minmay_misc_feat_alley, minivault_27, uniq_joseph
D:8:      layout_loops_ring, ebering_ghost_disaster_area,
          nicolae_shop_self_help, uniq_harold, uniq_erica, uniq_prince_ribbit1
D:9:      layout_grid_maze, grunt_lair_entry_orc_guard_hut
D:10:     layout_loops_cross, mainiacjoe_overflow_alcove_2,
          kennysheep_little_box
Temple:   dshaligram_water_room_temple

Skill      XL: |  1  2  3  4  5  6  7  8  9 10 |
---------------+-------------------------------+-----
Axes           | 3 4 5 6 7 9 10 12 | 12.0
Throwing       | 2 4 6 8 10 | 10.1
Fighting       | |  3.0
Armour         | |  1.7
Dodging        | |  1.7

Action                   |  1- 3 |  4- 6 |  7- 9 | 10-12 || total
-------------------------+-------+-------+-------+-------++-------
Melee: Hand axe          |   115 |   105 |       |       ||   220
       Punch             |     1 |     1 |     4 |     1 ||     7
       Touch             |     9 |    22 |    44 |    28 ||   103
       War axe           |       |    14 |   192 |   179 ||   385
Throw: Dart              |       |     6 |       |    26 ||    32
       Stone             |       |     7 |       |       ||     7
       Boomerang         |       |       |    34 |     3 ||    37
Invok: Berserk           |     2 |     4 |    10 |    14 ||    30
       Trog's Hand       |       |       |     1 |       ||     1
Evoke: Wand              |       |     7 |     1 |     9 ||    17
  Use: Scroll            |       |       |       |    12 ||    12
 Stab: Sleeping          |     2 |       |       |       ||     2
       Paralysed         |       |       |       |     3 ||     3
Armor: Animal skin       |    27 |     4 |       |       ||    31
       Ring mail         |       |    33 |    25 |       ||    58
       Chain mail        |       |       |    36 |   100 ||   136
Dodge: Dodged            |   100 |    65 |    79 |    53 ||   297
Block: Other             |    37 |    24 |    43 |    44 ||   148
       Reflection        |       |       |     3 |       ||     3

Table legend: (Time is in decaauts)
 A = Elapsed time spent in this place.
 B = Non-inter-level travel time spent in this place.
 C = Inter-level travel time spent in this place.
 D = Time resting spent in this place.
 E = Time spent auto-exploring this place.
 F = Levels seen in this place.
 G = Mean time per level.
                   A        B        C        D        E       F      G
               +--------+--------+--------+--------+--------+-----+--------+
         Total |  14289 |  13296 |    993 |   5867 |   5840 |  11 | 1299.0 |
       Dungeon |  13983 |  13011 |    972 |   5654 |   5780 |  10 | 1398.3 |
        Temple |    306 |    285 |     21 |    213 |     60 |   1 |  306.0 |
               +--------+--------+--------+--------+--------+-----+--------+

Top non-repeatable levels by time:
     D:8: 2320 daAuts
     D:9: 2300 daAuts
     D:7: 2026 daAuts
     D:5: 1735 daAuts
     D:1: 1138 daAuts
     D:6: 1110 daAuts
     D:4: 1095 daAuts
     D:2: 1075 daAuts
     D:3: 948 daAuts
  Temple: 306 daAuts
    D:10: 232 daAuts
